Map: Simulacrum LE

Players

BillCooper - Winner!

  • Race: Terran Terran
  • League: Master
  • Spawn Location: 11:00

A.I. 1 (Elite)

  • Race: Terran Terran
  • Spawn Location: 5:00

VOD

Have the link to the VOD?

Description

Time

  • Played on: Dec. 2, 2019, 3:11 p.m.
  • Length: 12:51
Show
View Real Time Build Order
Export as new Build Order

BillCooper Terran - Winner!

Build Orders: Gas First Reaper Expand, Mech 

Get SALT Encoding   

  12  0:01  SCV  
  13  0:13  SCV  
  14  0:17  Supply Depot  
  14  0:25  SCV  
  15  0:29  Refinery  
  15  0:38  SCV  
  16  0:45  Barracks  
  16  0:50  SCV  
  17  1:03  SCV  
  18  1:15  SCV  
  19  1:32  Orbital Command, Reaper  
  20  1:48  Command Center  
  20  1:59  SCV  
  21  2:03  Factory  
  21  2:07  Barracks Reactor  
  21  2:11  SCV  
  21  2:14  Refinery  
  22  2:23  SCV  
  22  2:24  Supply Depot  
  23  2:46  SCV  
  23  2:47  Starport  
  24  2:54  Hellion x2  
  24  2:55  Barracks Tech Lab  
  28  3:00  Orbital Command  
  28  3:02  SCV  
  29  3:14  SCV  
  29  3:16  Hellion  
  32  3:20  Hellion  
  32  3:26  SCV  
  35  3:27  SCV  
  35  3:29  Refinery  
  35  3:30  Raven  
  35  3:32  Barracks Tech Lab  
  38  3:39  SCV  
  38  3:40  SCV  
  40  3:45  Supply Depot  
  40  3:51  SCV  
  40  3:52  SCV  
  42  3:56  Cyclone  
  45  4:03  SCV  
  45  4:07  Supply Depot, SCV  
  47  4:15  SCV  
  48  4:20  Viking x2  
  48  4:21  SCV  
  53  4:27  SCV  
  53  4:30  Siege Tank  
  57  4:33  Supply Depot, SCV  
  58  4:40  SCV  
  58  4:45  SCV  
  60  4:49  Command Center  
  60  4:52  Viking  
  62  4:58  SCV x2  
  64  5:01  Refinery  
  64  5:02  Siege Tank  
  67  5:10  SCV  
  67  5:12  SCV  
  69  5:16  Supply Depot  
  69  5:26  SCV  
  70  5:30  Supply Depot  
  70  5:33  Factory  
  70  5:35  Factory, Barracks Reactor  
  70  5:37  Viking x2  
  70  5:38  Hellion, SCV  
  70  5:39  SCV  
  78  5:51  SCV  
  78  5:52  SCV  
  78  5:53  Liberator  
  80  5:59  Supply Depot  
  80  6:03  SCV  
  82  6:04  SCV  
  82  6:09  Siege Tank  
  82  6:11  Viking  
  90  6:14  Supply Depot  
  90  6:15  SCV  
  91  6:18  SCV  
  91  6:21  Supply Depot  
  91  6:22  Orbital Command  
  92  6:26  Siege Tank  
  92  6:27  SCV  
  96  6:33  SCV  
  96  6:34  Refinery  
  96  6:35  Refinery  
  97  6:41  Supply Depot  
  97  6:42  Siege Tank  
  97  6:43  Hellion x2, SCV  
  104  6:52  Viking  
  104  6:53  Viking, SCV  
  109  6:55  SCV  
  109  6:58  SCV  
  109  6:59  Siege Tank  
  114  7:06  SCV  
  114  7:07  SCV  
  116  7:09  Hellion x2  
  116  7:10  Infernal Pre-Igniter  
  116  7:11  SCV  
  121  7:20  Siege Tank  
  121  7:21  SCV  
  125  7:25  Factory  
  125  7:26  SCV  
  125  7:29  Engineering Bay  
  126  7:30  Barracks Reactor  
  126  7:31  SCV  
  126  7:32  Factory  
  126  7:35  Supply Depot, SCV  
  128  7:38  SCV  
  128  7:40  Siege Tank, Hellion x2  
  136  7:46  Viking  
  136  7:47  SCV  
  136  7:48  Viking  
  141  7:53  SCV  
  141  7:57  Command Center  
  142  7:59  SCV  
  142  8:04  Armory  
  143  8:08  SCV  
  143  8:10  Armory  
  144  8:15  SCV  
  144  8:18  Factory Tech Lab  
  144  8:19  Hellion x2  
  149  8:21  Starport  
  149  8:22  SCV  
  149  8:23  Supply Depot  
  149  8:24  Siege Tank  
  149  8:25  Barracks Reactor  
  151  8:39  Siege Tank, Hellion x2  
  153  8:41  SCV x2  
  153  8:42  SCV  
  153  8:45  Supply Depot  
  153  8:47  Viking x2  
  160  8:50  Starport  
  160  8:53  SCV  
  161  8:57  Siege Tank, Hellion  
  161  8:58  SCV  
  167  9:03  Missile Turret  
  167  9:04  Missile Turret  
  167  9:06  Refinery  
  167  9:07  Supply Depot  
  167  9:08  Supply Depot  
  167  9:12  Refinery  
  167  9:14  Terran Ship Weapons Level 1  
  167  9:15  Terran Vehicle And Ship Armor Level 1  
  167  9:17  SCV  
  167  9:18  Barracks Tech Lab  
  167  9:20  Siege Tank  
  167  9:21  Hellion  
  167  9:23  Drilling Claws  
  173  9:27  SCV x2  
  173  9:29  SCV  
  176  9:32  Siege Tank, Hellion  
  176  9:33  Viking x2  
  185  9:39  SCV  
  186  9:47  SCV  
  186  9:48  Siege Tank, Hellion x2  
  186  9:50  Raven  
  196  9:55  Orbital Command  
  196  9:56  SCV x2  
  196  9:57  Hellion  
  200  10:17  Command Center  
  200  10:19  Missile Turret  
  200  10:20  Missile Turret  
  200  10:21  Command Center  
  200  10:22  Missile Turret  
  200  10:23  Missile Turret  
  200  10:25  Missile Turret  
  200  10:26  Command Center  
  172  10:44  Siege Tank, Hellion x3  
  172  10:45  Raven, Viking x3  
  189  10:51  Starport  
  189  10:53  Starport  
  189  10:54  Fusion Core, SCV  
  190  11:02  Refinery  
  190  11:06  Missile Turret  
  190  11:08  Refinery  
  190  11:12  SCV  
  191  11:25  SCV  
  191  11:29  Barracks Tech Lab  
  192  11:39  Refinery  
  192  11:40  Hellion x2  
  192  11:41  Hellion  
  192  11:42  Refinery  
  192  11:44  Missile Turret, Command Center  
  192  11:46  Command Center  
  198  11:54  Command Center  
  198  12:00  Missile Turret  
  198  12:02  Missile Turret  
  198  12:09  Missile Turret  
  189  12:16  Siege Tank, Hellion  
  189  12:17  Hellion x2  
  198  12:39  Starport Tech Lab x2  
Show
View Real Time Build Order
Export as new Build Order

A.I. 1 (Elite) Terran 

Build Orders: 1/1/1, Banshee Rush 

Get SALT Encoding   

  12  0:00  SCV  
  13  0:13  SCV  
  14  0:18  Supply Depot  
  14  0:25  SCV  
  15  0:30  Refinery  
  15  0:40  SCV  
  16  0:48  Barracks  
  16  0:52  SCV  
  16  0:56  Refinery  
  17  1:04  SCV  
  18  1:16  SCV  
  19  1:38  Marine  
  19  1:39  Factory, Orbital Command  
  20  1:56  Marine  
  20  1:58  Supply Depot  
  21  2:04  SCV  
  22  2:24  Starport  
  22  2:27  Starport, SCV  
  23  2:39  SCV  
  23  2:41  Supply Depot  
  24  2:51  SCV  
  25  3:00  Starport Tech Lab  
  25  3:03  Starport Tech Lab  
  25  3:06  SCV  
  25  3:19  Cloaking Field  
  26  3:20  SCV, Banshee  
  26  3:21  Banshee  
  26  3:22  Marine  
  33  3:32  Supply Depot, SCV  
  34  3:40  Marine  
  35  3:44  SCV  
  36  3:56  SCV  
  36  3:58  Marine  
  36  4:02  Banshee  
  38  4:04  Banshee  
  38  4:06  Barracks  
  38  4:08  Factory Tech Lab  
  44  4:26  Siege Tank  
  47  4:36  Command Center  
  47  4:42  Supply Depot  
  47  5:00  Barracks Tech Lab  
  47  5:03  Marine  
  47  5:04  Supply Depot  
  48  5:15  Ghost Academy  
  48  5:18  Stimpack  
  48  5:19  Marauder  
  48  5:21  Marine  
  45  5:39  Marine  
  45  5:40  Marauder  
  48  5:44  Viking  
  50  5:50  Refinery  
  50  5:51  SCV  
  50  5:54  SCV  
  50  5:56  Marine  
  52  6:01  Ghost  
  52  6:03  SCV  
  56  6:06  SCV  
  57  6:14  Marine  
  57  6:15  SCV  
  59  6:18  SCV  
  59  6:25  Viking  
  62  6:27  SCV  
  62  6:29  Marine  
  62  6:30  SCV  
  62  6:32  Marine  
  66  6:39  Supply Depot, SCV  
  67  6:42  SCV  
  67  6:43  Viking  
  70  6:47  Ghost  
  70  6:51  SCV  
  73  6:54  SCV  
  74  7:03  Combat Shield  
  74  7:04  SCV  
  74  7:05  Engineering Bay  
  74  7:07  Supply Depot, SCV  
  76  7:16  SCV, Marauder  
  76  7:20  Command Center  
  79  7:28  SCV  
  80  7:31  SCV  
  80  7:33  Terran Infantry Weapons Level 1  
  81  7:38  Marauder  
  81  7:40  SCV  
  84  7:45  Supply Depot  
  84  7:46  SCV  
  85  7:52  SCV  
  85  7:54  Engineering Bay  
  86  7:59  Marauder  
  86  8:01  Barracks Tech Lab, Barracks  
  88  8:11  Supply Depot  
  88  8:13  Medivac  
  88  8:16  Medivac  
  88  8:18  Marine  
  93  8:20  Terran Infantry Armor Level 1, Marauder  
  95  8:33  SCV  
  78  8:35  SCV  
  78  8:36  Marine  
  78  8:38  SCV  
  64  8:41  Marine  
  64  8:45  SCV  
  64  8:47  SCV, Marine  
  68  8:50  SCV  
  68  8:53  Siege Tank  
  68  8:54  Marine  
  73  8:57  SCV  
  73  8:59  Ghost, SCV  
  73  9:02  SCV  
  78  9:05  Barracks Reactor  
  79  9:10  SCV  
  79  9:11  Refinery  
  79  9:12  SCV, Marine  
  79  9:14  SCV  
  82  9:22  Refinery, SCV  
  82  9:24  SCV  
  84  9:25  Siege Tank  
  84  9:26  SCV  
  84  9:28  Marine  
  84  9:30  Marauder  
  91  9:34  SCV  
  91  9:36  Refinery, SCV  
  93  9:38  SCV  
  93  9:41  Marine x2  
  93  9:45  Ghost  
  96  9:46  SCV  
  96  9:48  Supply Depot, SCV  
  96  9:50  SCV  
  96  9:51  Marine  
  101  9:55  Viking  
  101  9:57  Siege Tank  
  101  9:58  SCV  
  101  9:59  Marine x2  
  109  10:00  SCV  
  109  10:02  SCV  
  111  10:09  Viking, Marine  
  111  10:14  Supply Depot, Marine  
  114  10:17  Marine x2  
  117  10:24  Viking  
  117  10:27  Marine  
  116  10:29  Siege Tank  
  116  10:32  Marauder  
  116  10:34  Marine  
  116  10:35  Marine  
  107  10:39  Viking  
  107  10:41  SCV  
  89  10:43  SCV  
  89  10:45  Marine  
  77  10:52  Marine  
  77  10:53  Ghost  
  77  10:54  Viking  
  81  10:57  Marine  
  81  10:58  SCV x2  
  81  11:02  Siege Tank  
  81  11:03  Marauder  
  88  11:10  SCV x2, Marine  
  91  11:15  Marine  
  92  11:22  SCV, Marauder  
  92  11:24  SCV, Marine  
  97  11:28  Marine  
  98  11:33  Marine  
  98  11:34  Siege Tank, SCV  
  98  11:38  Command Center, SCV  
  104  11:42  Marine  
  104  11:44  Marauder  
  104  11:46  SCV, Marine  
  109  11:49  Refinery  
  109  11:50  SCV  
  109  11:52  Supply Depot  
  110  11:58  SCV  
  110  11:59  Factory  
  111  12:02  SCV  
  111  12:03  Marauder  
  111  12:06  Siege Tank, Marauder  
  119  12:10  SCV, Marine  
  119  12:14  SCV  
  119  12:15  Marine  
  72  12:24  Marine  
  72  12:27  Marine  
Tags
 
Composition
Mech
League
Master
Matchup
TvT
Race
Terran
Spawn Locations
Cross Positions
Strategy
Banshee Rush
Add a new tag
Caveats
  • Supply blocks, unpowered buildings, or Contaminate may cause inaccurate times.
  • Supply counts are checked every 10 seconds.